[Event "*** Titled Tuesday Blitz"]
[Site "Chess.com"]
[Date "2021.03.02"]
[Round "4"]
[White "StockholmMissile"]
[Black "Politov_Pavel"]
[Result "1-0"]
[WhiteElo "2596"]
[BlackElo "2404"]
[TimeControl "180+1"]
[EndTime "10:40:54 PST"]
[Termination "StockholmMissile won by checkmate"]

1. d4 Nf6 2. c4 e6 3. Nf3 d5 4. Bg5 Nbd7 5. e3 Bb4+ 6. Nbd2 c5 7. cxd5 exd5 8. a3 Bxd2+ 9. Qxd2 c4 10. g3 O-O 11. Bg2 h6 12. Bxf6 Nxf6 13. Ne5 Be6 14. O-O b5 15. a4 Qb6 16. axb5 Qxb5 17. Ra5 Qb3 18. Ra3 Qb6 19. Rfa1 Rfb8 20. R1a2 a5 21. h3 Ne4 22. Bxe4 dxe4 23. Kh2 c3 24. bxc3 Bxa2 25. Rxa2 Rb7 26. c4 a4 27. c5 Qb4 28.
c6 Qxd2 29. Rxd2 Rb1 30. Rc2 a3 31. c7 Rc8 32. d5 Rxc7 33. Rxc7 a2 34. Rc8+ Kh7 35.
Ra8 a1=Q 36. Rxa1 Rxa1 37. Nxf7 Rd1 38. Nd6 Rxd5 39. Nxe4 Ra5 40. Kg2 Kg6 41. g4 Kf7 42. Kf3 Ke6 43. Ng3 Kf6 44. Nf5 h5 45. Ng3 h4 46. Nh5+ Kg6 47. Nf4+ Kf6 48. Ng2 g5 49.
Ne1 Ra1 50. Nd3 Rh1 51. Kg2 Rd1 52. Nc5 Rc1 53. Ne4+ Kg6 54. f4 Rc2+ 55. Kf3 gxf4 56. exf4 Rc3+ 57. Nxc3 Kh6 58. Ne4 Kg6 59. f5+ Kh6 60.
Kf4 Kg7 61. g5 Kh7 62. Kg4 Kg7 63. Kxh4 Kh7 64. Kg4 Kg7 65. h4 Kh7 66. h5 Kh8 67. Nf2 Kg8 68. Kf4 Kg7 69. Ke5 Kg8 70. f6 Kf8 71. Ke6 Kg8 72. f7+ Kh7 73. Ke7 Kh8 74. f8=Q+ Kh7 75. g6# 1-0

[Event "*** Titled Tuesday Blitz"]
[Site "Chess.com"]
[Date "2021.03.02"]
[Round "4"]
[White "Problematique_99"]
[Black "KaterynaLagno"]
[Result "1/2-1/2"]
[WhiteElo "2439"]
[BlackElo "2608"]
[TimeControl "180+1"]
[EndTime "10:40:55 PST"]
[Termination "Game drawn - insufficient material"]

1. e4 e5 2. Nc3 Nc6 3. g3 g6 4.
Bg2 Bg7 5. Nge2 Nge7 6. d3 O-O 7. O-O d6 8. Be3 Nd4 9. f4 f5 10. h3 Be6 11. Kh2 Qd7 12. Qd2 c6 13. Rae1 b5 14. a3 a5 15. Nd1 fxe4 16. dxe4 Nxe2 17. Rxe2 Bc4 18. Ref2 Bxf1 19. Rxf1 d5 20. Bc5 Rad8 21.
Qxa5 exf4 22. gxf4 dxe4 23. Bxe4 Rf7 24. Ne3 Qe6 25.
Qxd8+ Bf8 26. Bg2 g5 27. Qb8 Nc8 28. Bxf8 Rxf8 29. Qe5 Qg6 30. Qxg5 Nd6 31. Qxg6+ hxg6 32. Bxc6 Rc8 33. Bd5+ Kg7 34. c3 Re8 35. Ng4 Re2+ 36. Kg3 Rxb2 37. Be6 Ne4+ 38. Kh4 Nd2 39. Rf2 Rc2 40. Bd5 Kf8 41. Ne5 Ke7 42. c4 Kd6 43.
Nxg6 bxc4 44. Bxc4 Kc5 45. Bd3 Rb2 46. f5 Kd4 47.
Bf1 Ke3 48. Rxd2 Rxd2 49. f6 Rf2 50. Ne5 Rxf1 51. f7 Ke4 52. Ng4 Rxf7 53. Kg5 Rg7+ 54.
Kf6 Ra7 55. Nh6 Ra6+ 56. Kg5 Rxa3 57. h4 Ra5+ 58. Kg6 Ra6+ 59. Kg5 Ra1 60. Ng4 Rg1 61. h5 Kf3 62. h6 Rxg4+ 63. Kh5 Rg1 64. h7 Kf4 65. Kh6 Kf5 66. h8=Q Rh1+ 67. Kg7 Rxh8 68. Kxh8 1/2-1/2

[Event "*** Titled Tuesday Blitz"]
[Site "Chess.com"]
[Date "2021.03.02"]
[Round "4"]
[White "Lysiak_Poltorak"]
[Black "Gloomy_Wanderer"]
[Result "1-0"]
[WhiteElo "2474"]
[BlackElo "2696"]
[TimeControl "180+1"]
[EndTime "10:40:57 PST"]
[Termination "Lysiak_Poltorak won on time"]

1. d4 Nf6 2. c4 e6 3. Nc3 Bb4 4. Qc2 Nc6 5. Nf3 d6 6. Bg5 h6 7. Bh4 O-O 8. a3 Bxc3+ 9. Qxc3 Qe7 10. e3 e5 11. dxe5 dxe5 12. Be2 Re8 13. O-O a5 14. b3 g5 15. Bg3 Ne4 16. Qc2 Bf5 17. Qb2 f6 18. Nd2 Nc5 19. Rad1 Rad8 20. Nb1 Ne4 21.
Nc3 Nxc3 22. Qxc3 Qxa3 23. Bh5 Rxd1 24. Rxd1 Rd8 25. Rxd8+ Nxd8 26. h4 Qb4 27. Bxe5 fxe5 28. Qxe5 Qf8 29. hxg5 hxg5 30. g4 Bh7 31. Qxg5+ Kh8 32.
Qe5+ Kg8 33. Qg5+ Kh8 34. Qxa5 Qd6 35. Qg5 Qd1+ 36. Kh2 Qd6+ 37. Kg1 Be4 38. Qf4 Qxf4 39. exf4 Ne6 40. f5 Nd4 41. b4 Nf3+ 42. Kf1 Nd2+ 43. Ke2 Nxc4 44. f3 Bd5 45. g5 Nd6 46. Bg4 Kg7 47. f4 Be4 48. f6+ Kg6 49. Ke3 Bf5 50.
Bf3 b6 51. Bc6 Be6 52. Kd4 Kf5 53. Ke3 Kg6 54. Kd4 Kf7 55. Ke5 Nc4+ 56. Kd4 Nd6 57. Ke5 Bb3 58. Kd4 Nf5+ 59. Ke5 Nd6 60. Bd7 Bc4 61.
f5 Kf8 62. g6 Bb3 63. Be6 1-0

[Event "*** Titled Tuesday Blitz"]
[Site "Chess.com"]
[Date "2021.03.02"]
[Round "4"]
[White "DenisQ"]
[Black "ChristopherYoo"]
[Result "1/2-1/2"]
[WhiteElo "2656"]
[BlackElo "2897"]
[TimeControl "180+1"]
[EndTime "10:40:58 PST"]
[Termination "Game drawn - insufficient material"]

1. Nf3 Nf6 2. c4 e6 3. Nc3 d5 4. d4 dxc4 5. e3 a6 6. a4 c5 7. Bxc4 Nc6 8. dxc5 Qxd1+ 9. Kxd1 Bxc5 10. Ke2 b6 11. Rd1 Bb7 12. Bd2 Ke7 13. Rac1 Rhd8 14. Be1 Rac8 15. Rxd8 Rxd8 16. Bd3 Na5 17. Bc2 Nc4 18.
b3 Nd6 19. Nb1 a5 20. Bd3 Nd5 21. Bxa5 Bxe3 22. fxe3 bxa5 23. Rc5 Nb4 24. Bc4 Nxc4 25. bxc4 Rc8 26. Rxc8 Bxc8 27. Nbd2 Bd7 28. Nb3 Bxa4 29. Nxa5 Kd6 30. Nb7+ Kc7 31. Nc5 Bc6 32. Ne5 Be8 33. Ncd3 Na6 34. h4 f6 35. Nf3 e5 36. Nd2 Bh5+ 37.
Kf2 Bf7 38. g4 Nb8 39. e4 Nd7 40. Ke3 Nb6 41. Nb2 Kc6 42. g5 Kc5 43. gxf6 gxf6 44. Nd3+ Kc6 45. Nb2 h5 46. Nd3 Nxc4+ 47. Nxc4 Bxc4 48.
Ne1 Kc5 49. Nf3 Kb4 50. Nd2 Kc3 51. Nf3 Kc2 52. Ne1+ Kd1 53. Nf3 Be2 54. Nd2 Ke1 55. Nb3 Bc4 56. Nc5 Bb5 57. Kf3 Kf1 58. Ne6 Be2+ 59.
Ke3 Bg4 60. Ng7 Kg2 61. Ne8 Kg3 62. Nxf6 Kxh4 63. Kf2 Kg5 64. Nd5 h4 65. Ne3 Be6 66.
Kf3 Bf7 67. Nf1 Bh5+ 68. Ke3 Kg4 69. Kf2 Kh3 70. Ne3 Bg6 71. Nc4 Bxe4 72. Nxe5 Bd5 73.
Ng6 Kg4 74. Nxh4 1/2-1/2

[Event "*** Titled Tuesday Blitz"]
[Site "Chess.com"]
[Date "2021.03.02"]
[Round "4"]
[White "liczner"]
[Black "ural58"]
[Result "0-1"]
[WhiteElo "2734"]
[BlackElo "2543"]
[TimeControl "180+1"]
[EndTime "10:40:58 PST"]
[Termination "ural58 won by resignation"]

1. e4 d5 2. exd5 Qxd5 3. Nf3 Bg4 4. Be2 Nc6 5. h3 Bxf3 6. Bxf3 Qe6+ 7. Qe2 Nd4 8. Qxe6 Nxf3+ 9. gxf3 fxe6 10. d3 g6 11.
Bf4 Bg7 12. Nc3 Kd7 13. Ne4 b6 14. O-O-O Rf8 15. Bg3 Rxf3 16. Rde1 Nf6 17. Ng5 Bh6 18.
h4 Nh5 19. Be5 Rhf8 20. Bd4 Bxg5+ 21. hxg5 R8f4 22. Be3 Rg4 23. Kd2 Rf5 24. Reg1 Rxg1 25.
Rxg1 e5 26. Rg4 Ke6 27. Rh4 Rf7 28. Ra4 a5 29. b4 axb4 30. Rxb4 Nf4 31. Ra4 Kf5 32. Ra7 Nd5 33. c4 Nxe3 34. Kxe3 e6 35. a4 Kxg5 36. c5 bxc5 37. Ra5 Rf4 38. Rxc5 Rxa4 39.
Rxc7 h5 40. Re7 Kf6 41. Rh7 Rf4 42.
Rh8 h4 43. f3 Kg5 44. Kf2 Rd4 45. Ke3 Rd6 46. Rh7 Ra6 47. Kf2 Ra4 48. Ke3 Kf6 49. Rh8 g5 50. Rh6+ Kf5 51. Rh8 Ra7 52.
Rh6 Rf7 53. Kf2 Rf6 54. Rh5 Kg6 55. Rh8 g4 56. Rxh4 Rxf3+ 57. Ke2 Kf5 58. Rh5+ Kf4 59.
Rh6 Re3+ 60. Kd2 Rh3 61. Rxe6 Rh2+ 62. Kc3 g3 63. Rf6+ Ke3 64. Rf5 e4 65. Re5 g2 66.
Rxe4+ Kf3 67. Re1 Rh1 0-1

[Event "*** Titled Tuesday Blitz"]
[Site "Chess.com"]
[Date "2021.03.02"]
[Round "4"]
[White "TigrVShlyape"]
[Black "TorFredrikKaasen"]
[Result "1-0"]
[WhiteElo "2901"]
[BlackElo "2726"]
[TimeControl "180+1"]
[EndTime "10:41:00 PST"]
[Termination "TigrVShlyape won on time"]

1. e4 c5 2. Nf3 Nc6 3. Nc3 d6 4. Bc4 Nf6 5. h3 e6 6. O-O Be7 7. d3 O-O 8. a3 a6 9. Ba2 b5 10. Ne2 Bb7 11. Ng3 Rc8 12. Bf4 Nd4 13. Nd2 d5 14. c3 Nc6 15. Re1 dxe4 16. dxe4 c4 17. a4 Nd7 18. axb5 axb5 19. Bb1 Nde5 20. Qe2 Bg5 21. Bxg5 Qxg5 22. Nf3 Nxf3+ 23. Qxf3 Rcd8 24. e5 Rd5 25. Be4 Nxe5 26. Qe3 Qxe3 27. Rxe3 Nd3 28.
Bxd5 Bxd5 29. b3 f5 30. bxc4 bxc4 31. Nf1 Nf4 32. f3 Rb8 33. Ree1 Rb2 34. Ne3 h6 35. Rab1 Rd2 36. Rbd1 Rb2 37. Kh1 Ra2 38. Rd4 Nh5 39.
Nxd5 exd5 40. Rxd5 Kh7 41. Rd4 Ng3+ 42. Kh2 Nh5 43.
Rxc4 f4 44. Rd4 Rc2 45. Rde4 Rxc3 46. R4e2 Ng3 47. Rd2 Rc6 48. Red1 Rf6 49. Kg1 Nf5 50. Kf2 Ne3 51. Rc1 Rg6 52. g4 Rb6 53. Ra1 Rb3 54.
h4 Kg6 55. Ra6+ Kh7 56. h5 Rb4 57. Rad6 Rb5 58. R6d4 Rb1 59. Rxf4 Nf1 60. Re2 Nh2 61. Rfe4 Nf1 62. Re1 1-0

[Event "*** Titled Tuesday Blitz"]
[Site "Chess.com"]
[Date "2021.03.02"]
[Round "4"]
[White "Arkady_Gitelson"]
[Black "ViktoriyaTarasova"]
[Result "1-0"]
[WhiteElo "2571"]
[BlackElo "2293"]
[TimeControl "180+1"]
[EndTime "10:41:01 PST"]
[Termination "Arkady_Gitelson won by resignation"]

1. Nf3 Nf6 2. g3 b6 3. Bg2 Bb7 4. O-O e6 5. d4 c5 6. e3 d5 7. b3 Nbd7 8. Bb2 Bd6 9. Nbd2 O-O 10. Ne5 Rc8 11. f4 Ne4 12. Nxe4 dxe4 13. Nc4 Be7 14. f5 exf5 15. Rxf5 Nf6 16. Qe2 Ba6 17. d5 Qd7 18. g4 Ne8 19. Bxe4 Nd6 20. Qf3 Bxc4 21.
bxc4 Nxc4 22. Bc3 Nd6 23. Rh5 h6 24. Bd3 c4 25. Be2 Rce8 26. e4 f6 27. h4 b5 28.
g5 fxg5 29. Qg2 Nf7 30. hxg5 Bxg5 31. Bg4 Qd6 32. Be6 Rxe6 33. dxe6 Qxe6 34. Rf1 Qb6+ 35. Kh1 Qg6 36. Rh3 Re8 37. Rhf3 Nd6 38. e5 Ne4 39. Bd4 Kh7 40. Rf5 Qh5+ 41. Kg1 Qh4 42. R5f3 Nd2 43.
Rh3 Qxd4+ 44. Qf2 Ne4 45. Qxd4 Nd2 46. Rf2 c3 47. Qxa7 Nb1 48. e6 Re7 49. Rhf3 Rxa7 50. Rf7 Re7 51. Rxe7 Bxe7 52. Rf7 Bc5+ 53. Kg2 Nd2 54. e7 Bxe7 55. Rxe7 Nc4 56. Rc7 Na3 57. Rxc3 b4 58. Rb3 h5 59. Rxb4 Nxc2 60. Rb5 Ne3+ 61. Kf3 Nc4 62. a4 g6 63. a5 Nxa5 64. Rxa5 Kh6 65.
Kf4 h4 66. Kg4 g5 67. Rxg5 h3 68. Rh5+ 1-0

[Event "*** Titled Tuesday Blitz"]
[Site "Chess.com"]
[Date "2021.03.02"]
[Round "4"]
[White "Aradhya2000"]
[Black "stepakyedael"]
[Result "1-0"]
[WhiteElo "2520"]
[BlackElo "2330"]
[TimeControl "180+1"]
[EndTime "10:41:03 PST"]
[Termination "Aradhya2000 won on time"]

1. d4 Nf6 2. c4 g6 3. g3 Bg7 4. Bg2 O-O 5. Nc3 d6 6. Nf3 Nc6 7. O-O Bf5 8. Bg5 Ne4 9. Nxe4 Bxe4 10.
d5 Bxf3 11. exf3 Na5 12. Qe2 b6 13. Bxe7 Re8 14. Bxd8 Rxe2 15. Bxc7 Bxb2 16. Rae1 Rxe1 17. Rxe1 Nxc4 18. Bf1 b5 19. Re4 f5 20. Re6 Ba3 21.
Bxc4 bxc4 22. Bxd6 Bb2 23. Bb4 Rd8 24. d6 c3 25. Re2 Kf7 26. Rc2 a5 27. Bxc3 Bxc3 28. Rxc3 Rxd6 29. Rc7+ Kf6 30. Ra7 Rd5 31. h4 h5 32. f4 Rb5 33. Kf1 Rd5 34. Ke2 Rb5 35. Kd3 Rd5+ 36. Kc3 Rc5+ 37. Kd3 Rd5+ 38. Ke3 Rb5 39.
a4 Rb3+ 40. Kd4 Rb2 41. Ra6+ Kg7 42. Ke3 Rb3+ 43. Ke2 Rb2+ 44. Kf3 Rb3+ 45. Kg2 Ra3 46.
Rxa5 Kh6 47. Ra7 Ra2 48. a5 Ra3 49. Ra8 Kh7 50. a6 Kg7 51. a7 Kh7 52. Kf1 Kg7 53.
Ke2 Kh7 54. Kd2 Kg7 55. Kc2 Kh7 56. Kb2 Ra6 57. Kb3 Rb6+ 58. Kc4 Ra6 59. Kc5 Ra2 60.
Kd6 Rd2+ 61. Ke7 Re2+ 62. Kf6 Ra2 63. Re8 Ra6+ 64. Re6 Rxa7 65. Re7+ Rxe7 66. Kxe7 Kg7 67. f3 1-0

[Event "*** Titled Tuesday Blitz"]
[Site "Chess.com"]
[Date "2021.03.02"]
[Round "4"]
[White "Gahan-MG"]
[Black "ama18"]
[Result "1-0"]
[WhiteElo "2637"]
[BlackElo "2473"]
[TimeControl "180+1"]
[EndTime "10:41:04 PST"]
[Termination "Gahan-MG won on time"]

1. e4 c5 2. c3 d5 3. exd5 Qxd5 4. d4 g6 5. Nf3 Bg7 6. dxc5 Qxc5 7. Be3 Qc7 8. Nbd2 Nh6 9. Be2 Nf5 10. Qa4+ Bd7 11. Qc4 Nc6 12. Bf4 e5 13. Bg3 O-O 14. O-O Nxg3 15.
hxg3 Kh8 16. Rfe1 h6 17. Qh4 f5 18. Bc4 e4 19. Ng5 Ne5 20. Ne6 Bxe6 21. Bxe6 Qd6 22.
Nxe4 fxe4 23. Bb3 Nd3 24. Re2 Rae8 25. Rd1 Qf6 26. Qxf6 Bxf6 27. Bd5 Nc5 28. b4 Na4 29. Rxe4 Rxe4 30. Bxe4 Nxc3 31. Re1 Re8 32. f3 Bd4+ 33. Kh2 Nxa2 34. Rd1 Bg7 35. Bxg6 Rb8 36. Rb1 Nc3 37. Rb3 Nb5 38. Be4 b6 39. Rd3 a5 40. bxa5 bxa5 41. Bc6 Nd4 42. Bd7 Rb7 43. Be8 Re7 44. Bg6 Rb7 45. Ra3 Ra7 46. Ra4 Kg8 47. f4 Kf8 48. g4 Nc6 49. Be4 Nb4 50. Kh3 Ke7 51. Kh4 Kd6 52. g5 hxg5+ 53. Kxg5 Ke7 54.
g4 Bf6+ 55. Kg6 Ra6 56. g5 Bc3+ 57. Kh7 Kf8 58. f5 Ra7+ 59. Kg6 Ra6+ 60. f6 Ra7 61. Ra3 Bd4 62. Rh3 Kg8 63. Bf5 Ra6 64. Rh4 Bc5 65. Rc4 Bf8 66. Re4 Ra7 67. Be6+ 1-0

[Event "*** Titled Tuesday Blitz"]
[Site "Chess.com"]
[Date "2021.03.02"]
[Round "4"]
[White "chessprincesa1"]
[Black "Grandmaster1369"]
[Result "0-1"]
[WhiteElo "2233"]
[BlackElo "2427"]
[TimeControl "180+1"]
[EndTime "10:41:05 PST"]
[Termination "Grandmaster1369 won by resignation"]

1. d4 Nf6 2. c4 e6 3. Nc3 c5 4. d5 exd5 5. cxd5 d6 6. e4 g6 7. Bf4 Bg7 8. h3 O-O 9. Qc2 Re8 10. Be2 Qa5 11. Bd2 a6 12. a4 Qd8 13.
Nf3 Nbd7 14. O-O Ne5 15. Nxe5 Rxe5 16. f4 Re8 17. Rae1 b6 18. Bc4 Rb8 19. Kh1 Nh5 20. Re3 f5 21. e5 dxe5 22. fxe5 Bxe5 23. d6+ Kf8 24. Rfe1 Qf6 25. Nd5 Qxd6 26. Qd3 Bb7 27. Rxe5 Rxe5 28. Bh6+ Ng7 29. Rxe5 Qxe5 30. Nxb6 Bxg2+ 31. Kxg2 Qxb2+ 32. Kg3 Qxb6 33. Qd7 Qf6 34. Bxg7+ Qxg7 35. Qd6+ Qe7 36. Qxb8+ Kg7 37. Qf4 Qe1+ 38. Kh2 Qb4 39.
Qe5+ Kh6 40. Qe3+ Kg7 41. Bxa6 Qb8+ 42. Kg1 Qb1+ 43. Kf2 Qa2+ 44. Kg3 Qxa4 45. Bd3 Qa7 46. Qe5+ Kh6 47. h4 Qa3 48. Qe3+ Kg7 49. Qe5+ Kf8 50. Qd6+ Kg7 51. Kf4 Qc1+ 52. Ke5 Qe3+ 53. Kd5 Qxd3+ 54.
Kxc5 Qxd6+ 55. Kxd6 Kf6 56. Kd7 h6 57. Ke8 f4 58. Kf8 f3 59. Kg8 f2 60. Kh7 f1=Q 61.
Kxh6 Qf2 62. Kh7 Qxh4+ 63. Kg8 Qf4 64. Kh8 g5 65. Kg8 g4 66. Kh7 g3 0-1

[Event "*** Titled Tuesday Blitz"]
[Site "Chess.com"]
[Date "2021.03.02"]
[Round "4"]
[White "ARTHURMOTIVATOR"]
[Black "zeitnot2006"]
[Result "1-0"]
[WhiteElo "2351"]
[BlackElo "2513"]
[TimeControl "180+1"]
[EndTime "10:41:09 PST"]
[Termination "ARTHURMOTIVATOR won by checkmate"]

1. e4 c5 2. b3 d5 3. exd5 Qxd5 4.
Nc3 Qd7 5. Nf3 a6 6. Bc4 e6 7. a4 b6 8. O-O Bb7 9. Re1 Nc6 10. Nd5 Qd8 11. d3 Nge7 12. Nf4 Ng6 13. Ng5 Nd4 14. Nfxe6 fxe6 15. Bxe6 Be7 16. Qg4 Nxe6 17.
Nxe6 Qd6 18. Nxg7+ Kf7 19. Bb2 Rhf8 20. Nf5 Qd5 21.
Rxe7+ Nxe7 22. Qg7+ Ke6 23. Re1+ Kxf5 24. Re5+ Qxe5 25.
Qxe5+ Kg6 26. Qg7+ Kf5 27. Qxe7 Rae8 28. Qd7+ Kg6 29.
h4 Bc8 30. Qg7+ Kf5 31. g4+ Ke6 32. Qc7 b5 33. f4 Re7 34. Qxc5 bxa4 35. Qc6+ Kf7 36.
f5 axb3 37. f6 Rb7 38. Qd5+ Ke8 39. Qh5+ Kd8 40. Qd5+ Ke8 41. Qc6+ Kd8 42. Qd6+ Ke8 43. cxb3 Rff7 44. Qe5+ Kd8 45. Qh5 Rbd7 46. Qe5 Bb7 47. Ba3 Kc8 48. Be7 Bc6 49. Qc5 Kb7 50.
Qb4+ Kc8 51. Qc3 Kc7 52. Qc4 Kb7 53. Qxf7 Rd5 54. Qe6 Kb6 55. Qe3+ Kb5 56. d4 Rd7 57. Qd3+ Kb6 58. Qc4 Bb5 59. Qc5+ Ka5 60. d5 h5 61. Qb4+ Kb6 62. d6 hxg4 63. Qxg4 Ka5 64. Qd4 Rb7 65. Kf2 Be8 66. Qc3+ Kb5 67. b4 Bf7 68.
Qc5+ Ka4 69. Qa5+ Kb3 70. Qxa6 Rxb4 71. d7 Rf4+ 72. Ke3 Rxh4 73. d8=Q Rh3+ 74. Kf4 Rh4+ 75.
Kg3 Rc4 76. Qdb6+ Kc3 77. Qe3+ Kb2 78. Qaa3+ Kc2 79. Qed3# 1-0

[Event "*** Titled Tuesday Blitz"]
[Site "Chess.com"]
[Date "2021.03.02"]
[Round "4"]
[White "Sokoloco"]
[Black "Meri-Arabidze"]
[Result "0-1"]
[WhiteElo "2435"]
[BlackElo "2638"]
[TimeControl "180+1"]
[EndTime "10:41:10 PST"]
[Termination "Meri-Arabidze won by resignation"]

1. b3 Nf6 2. Bb2 g6 3. e4 Bg7 4. e5 Nd5 5. d4 O-O 6. Nf3 d6 7. c4 Nb6 8. exd6 cxd6 9. Be2 Nc6 10. O-O Bg4 11. Nbd2 d5 12. c5 Nd7 13. h3 Bf5 14.
Rc1 a5 15. a3 Re8 16. Ba1 b6 17. Bb5 Rc8 18. b4 axb4 19. axb4 Nxb4 20. c6 Nb8 21. c7 Rxc7 22. Rxc7 Qxc7 23. Bxe8 Bd3 24. Bxf7+ Kxf7 25. Ng5+ Kg8 26. Qf3 e5 27. Re1 e4 28. Qg4 Qd7 29. Qxd7 Nxd7 30. Ne6 Bh6 31. Nf1 Nc2 32. Rd1 b5 33. Bb2 b4 34. Nd2 Nb6 35. Nb3 Nc4 36. Bc1 Bg7 37. Nxg7 Kxg7 38. Bf4 h6 39. Nc5 g5 40. Nxd3 exd3 41. Bc1 Nxd4 42.
Rxd3 Ne2+ 43. Kf1 Nxc1 44. Rxd5 b3 45. Rb5 b2 46. Ke1 Na2 47. Rb7+ Kg6 48. Kd1 Nc3+ 49.
Kc2 b1=Q+ 50. Rxb1 Nxb1 51. Kxb1 Nd2+ 52. Kc2 Ne4 53.
f3 Ng3 54. Kd3 Kf5 55. Ke3 h5 56. Kf2 h4 57. Ke3 Ke5 58. Kd3 Kf4 59. Kd2 Nf5 60.
Ke2 Kg3 61. Kd3 Kxg2 62. Ke4 Ne7 63. Ke5 Kxh3 64. Kf6 g4 65. f4 g3 66. Kxe7 g2 67. f5 g1=Q 68. f6 Qe3+ 69. Kf8 Kg4 70. f7 h3 71. Kg8 Qf3 72. f8=Q Qxf8+ 73. Kxf8 0-1

[Event "*** Titled Tuesday Blitz"]
[Site "Chess.com"]
[Date "2021.03.02"]
[Round "4"]
[White "Yaacovn"]
[Black "rasmussvane"]
[Result "0-1"]
[WhiteElo "2785"]
[BlackElo "2966"]
[TimeControl "180+1"]
[EndTime "10:41:11 PST"]
[Termination "rasmussvane won on time"]

1. d4 d5 2. Nf3 e6 3. Bf4 Bd6 4. e3 Nf6 5. c3 O-O 6. Nbd2 c5 7. Rc1 b6 8. Bg3 Qc7 9. Bd3 Bb7 10. O-O Nbd7 11. c4 Bxg3 12. hxg3 dxc4 13. Nxc4 Rad8 14. Qe2 Qb8 15. Rfd1 h6 16. a3 cxd4 17. Nxd4 Nc5 18. Bb1 Rd7 19. Nb5 Rfd8 20. Rxd7 Rxd7 21. Rd1 Bd5 22.
Nc3 Bc6 23. Rxd7 Ncxd7 24. Qd2 g6 25. Qd6 Qxd6 26. Nxd6 Kf8 27. e4 Ne8 28. Nxe8 Kxe8 29. f3 Ke7 30. Kf2 Ne5 31. b3 g5 32. g4 Kd6 33. Ke3 Kc5 34. Bd3 a5 35. Na2 Bd7 36. b4+ Kd6 37. Nc3 axb4 38. axb4 Nc6 39. Na2 Bc8 40.
Bb5 Ne5 41. Nc3 f5 42. exf5 exf5 43. gxf5 Bxf5 44. Be2 Ng6 45. g3 Bd7 46. f4 gxf4+ 47.
gxf4 Ne7 48. Ne4+ Kd5 49. Nf6+ Ke6 50. Nxd7 Kxd7 51. Ke4 Ke6 52. f5+ Kf6 53. Bg4 Kg5 54. Bh3 Kf6 55. b5 h5 56. Kf4 Nd5+ 57. Kf3 Nc3 58. Kg3 Kg5 59. Bf1 Ne4+ 60. Kh3 Nd6 61.
Be2 Nxf5 62. Bd3 Nd4 63. Bf1 h4 64. Bd3 Ne6 65. Kh2 Nf4 66. Bc4 Kf6 67. Kg1 Ke5 68.
Kf2 Ke4 69. Bf1 Kf5 70. Kf3 Kg5 71. Ke4 Kg4 72. Ke5 Kg3 73. Bc4 h3 74. Bd3 Nxd3+ 0-1

[Event "*** Titled Tuesday Blitz"]
[Site "Chess.com"]
[Date "2021.03.02"]
[Round "4"]
[White "whogeeyao"]
[Black "esrosenberg"]
[Result "1/2-1/2"]
[WhiteElo "2397"]
[BlackElo "2195"]
[TimeControl "180+1"]
[EndTime "10:41:11 PST"]
[Termination "Game drawn - insufficient material"]

1. e4 e5 2. Nf3 Nc6 3. Bb5 a6 4. Ba4 Nf6 5. O-O Be7 6. d3 b5 7. Bb3 d6 8. a3 Bg4 9. Be3 O-O 10. Nc3 Nd4 11. Bxd4 exd4 12. Nd5 c6 13. Nxe7+ Qxe7 14. h3 Bxf3 15. Qxf3 Nd7 16. Qg3 Kh8 17. f4 Nb6 18.
Rae1 c5 19. e5 c4 20. Ba2 d5 21. f5 f6 22. exf6 Qxf6 23. Re6 Qd8 24. Qe5 Nd7 25. Qxd5 Nf6 26. Qxd8 Raxd8 27. dxc4 d3 28. cxd3 Rxd3 29. Rxa6 Rd2 30. cxb5 Rxb2 31. Bc4 Ne4 32. Bd5 Ng3 33. Re1 Rxb5 34. Be6 h6 35. a4 Rc5 36. a5 Nxf5 37. Ra7 Nd4 38. a6 Nxe6 39. Rxe6 Rc1+ 40. Kh2 Ra1 41. Rg6 Rg8 42. Rb7 Kh7 43. Rgb6 Ra8 44. Rb3 R1xa6 45. Rg3 Rg6 46. Rc3 Raa6 47. Rb2 Raf6 48.
Re2 Rf5 49. Rd3 Rfg5 50. Red2 Rf5 51. Rd7 Rfg5 52. R7d4 h5 53. h4 Rg4 54. Rxg4 Rxg4 55. Kh3 Kh6 56. Rd6+ Rg6 57. Rd5 Rf6 58. Rg5 Rg6 59.
Rf5 Re6 60. g3 Re3 61. Ra5 Re6 62. Ra7 Rf6 63. Rd7 Re6 64. Rd1 Rf6 65. Rh1 Rf3 66. Kg2 Ra3 67. Rd1 Ra2+ 68. Kf3 Ra3+ 69. Kf4 Ra4+ 70.
Kf3 Ra3+ 71. Kf4 Ra4+ 72. Ke3 Ra3+ 73. Kf2 Ra2+ 74. Kg1 Rb2 75. Rf1 Rc2 76. Rf4 Rb2 77. Rf2 Rxf2 78. Kxf2 g5 79. hxg5+ Kxg5 80. Kf3 h4 81.
gxh4+ Kxh4 1/2-1/2

[Event "*** Titled Tuesday Blitz"]
[Site "Chess.com"]
[Date "2021.03.02"]
[Round "4"]
[White "SimplyDevina"]
[Black "Jan1401"]
[Result "1-0"]
[WhiteElo "2177"]
[BlackElo "2375"]
[TimeControl "180+1"]
[EndTime "10:41:12 PST"]
[Termination "SimplyDevina won by resignation"]

1. d4 Nf6 2. c4 e5 3. dxe5 Ne4 4.
Qd3 Bb4+ 5. Nd2 Nc5 6. Qg3 O-O 7. a3 Bxd2+ 8. Bxd2 Ne4 9. Qd3 Nxd2 10. Qxd2 Nc6 11. Nf3 Qe7 12. e3 Nxe5 13. Nxe5 Qxe5 14. Be2 d6 15. O-O a5 16. Rad1 b6 17. Bf3 Rb8 18. b4 axb4 19. axb4 Be6 20. Bd5 Bxd5 21. Qxd5 Rfe8 22.
Rd2 Ra8 23. Qc6 Qe7 24. b5 Ra7 25. Rd4 g6 26. Rfd1 Kg7 27. h3 h5 28. Rf4 Rea8 29.
Kh2 Ra1 30. Rxa1 Rxa1 31. Qd5 Qe6 32. Qd4+ Qe5 33. g3 Qxd4 34. Rxd4 Kf6 35. Kg2 Ke5 36. Kf3 g5 37. Rd5+ Kf6 38. Rd4 Rc1 39. Kg2 Ke6 40.
Kf3 f6 41. Ke4 Rc2 42. Kf3 f5 43. h4 g4+ 44. Kg2 Ke5 45. Rd5+ Ke6 46. Rd4 Rc1 47. Kh2 Ra1 48. Kg2 Kf6 49. Kh2 Ra8 50. Kg2 Re8 51. Kf1 Re5 52. Ke2 Rc5 53. Kd3 Ke6 54. Rf4 d5 55.
cxd5+ Rxd5+ 56. Kc4 Rc5+ 57. Kb4 Ke5 58. Rd4 c6 59. bxc6 Rxc6 60. Kb5 Rc2 61. Rf4 Rb2+ 62. Kc6 b5 63. Kd7 b4 64. Ke7 Rb1 65. Kf7 b3 66.
Kg6 b2 67. Rxf5+ Ke4 68. Rb5 Kf3 69. Kxh5 Kxf2 70. Kxg4 Kxe3 71. h5 Kd3 72. Kg5 Kc4 73. Rb8 Kc3 74. g4 Rg1 75. Rxb2 Kxb2 76. h6 Kc3 77. h7 Rh1 78. Kg6 Kd4 79. g5 Ke5 80.
Kg7 Kf5 81. g6 Ke6 82. h8=Q Rxh8 83. Kxh8 Kf6 84. g7 Ke7 85. g8=Q 1-0

[Event "*** Titled Tuesday Blitz"]
[Site "Chess.com"]
[Date "2021.03.02"]
[Round "4"]
[White "MillyNeuf"]
[Black "mr65"]
[Result "1/2-1/2"]
[WhiteElo "2271"]
[BlackElo "2096"]
[TimeControl "180+1"]
[EndTime "10:41:14 PST"]
[Termination "Game drawn - insufficient material"]

1. e4 e5 2. Nf3 Nc6 3. Bc4 Nf6 4. d3 Bc5 5. O-O h6 6. c3 O-O 7. a4 a5 8. Nbd2 d5 9. exd5 Nxd5 10. Re1 Nb6 11. Bb3 Bd6 12. Ne4 Kh8 13. Nxd6 cxd6 14. d4 Bg4 15. dxe5 Nxe5 16. Bf4 Bxf3 17. gxf3 Qf6 18. Bxe5 dxe5 19. Qe2 Nd7 20. Bd5 Rad8 21. Bxb7 Nc5 22. Be4 Qg5+ 23. Kh1 Rd2 24. Qe3 Qxe3 25. fxe3 Nxe4 26. fxe4 Rxb2 27. Reb1 Re2 28. Rb5 Rxe3 29. Rxe5 Rxc3 30. Rxa5 Rc4 31. Re5 Ra8 32. a5 f6 33.
Re7 Rc6 34. e5 fxe5 35. Rxe5 Kg8 36. Kg2 Rc2+ 37. Kg3 Rc3+ 38. Kf4 Rc4+ 39. Kf5 Rf8+ 40. Ke6 Re8+ 41. Kd5 Rc5+ 42. Kxc5 Rxe5+ 43. Kb6 Re6+ 44. Kc7 Re7+ 45. Kd6 Rf7 46. a6 Rf6+ 47. Ke5 Rf8 48. a7 Ra8 49. Kd6 g5 50. Kc7 Kg7 51. Kb7 Rxa7+ 52.
Kxa7 Kg6 53. Kb6 Kf5 54. Kc5 Ke4 55. Rf1 g4 56. Kd6 h5 57. Ke6 h4 58. Rg1 Kf3 59. Kf5 g3 60. hxg3 hxg3 61. Kg5 Kf2 62. Ra1 g2 63.
Ra2+ Kf1 64. Ra1+ Kf2 65. Kh4 g1=Q 66. Rxg1 Kxg1 1/2-1/2

[Event "*** Titled Tuesday Blitz"]
[Site "Chess.com"]
[Date "2021.03.02"]
[Round "4"]
[White "Soltan49"]
[Black "MateusViageiro"]
[Result "0-1"]
[WhiteElo "2211"]
[BlackElo "2337"]
[TimeControl "180+1"]
[EndTime "10:41:16 PST"]
[Termination "MateusViageiro won on time"]

1. d4 Nf6 2. c4 e6 3. Nf3 Bb4+ 4. Bd2 Be7 5. Nc3 d5 6. Bf4 O-O 7. e3 c5 8. dxc5 Bxc5 9. cxd5 exd5 10. Be2 Nc6 11.
Bg5 d4 12. exd4 Nxd4 13. Nxd4 Bxd4 14. O-O h6 15. Bh4 Bxc3 16. bxc3 Qxd1 17. Rfxd1 Ne4 18. Rac1 Be6 19. f3 Nc5 20. Bf2 Rfc8 21. Rc2 Rc7 22. Bg3 Rc6 23. Bb5 Rb6 24. c4 a6 25. Bc7 axb5 26.
Bxb6 Nd7 27. c5 b4 28. Rb2 Ra4 29. Rd4 Ne5 30. Rdxb4 Ra8 31. Rd4 Bxa2 32. Rd8+ Rxd8 33. Bxd8 Bd5 34. Be7 Bc6 35. Rb1 f6 36. Bd6 Nf7 37. Be7 Ne5 38. f4 Nd3 39. Bd6 f5 40. Rb3 Be4 41.
Rc3 Kf7 42. Kf1 Ke6 43. Ke2 Nb2 44. Be5 Na4 45. Rc4 Bc6 46. Bxg7 Bb5 47. Kd3 Kd5 48. Kc2 Bxc4 49. Bxh6 Nxc5 50. h3 Ke4 51. g4 Bf1 52.
g5 Ne6 53. g6 Bxh3 54. g7 Nxg7 55. Bxg7 Kxf4 56. Kc3 Ke3 57. Kb4 f4 58. Kc5 Bd7 59.
Kb6 Bc6 60. Bh6 Ke4 61. Kc5 f3 0-1